| TOP OF THE 1ST |
|
Miami Beach Marlins batting - Pitching for Portland Angels : RHP Dean Aspden
|
|
Pitching: RHP Dean Aspden
|
|
|
Batting: RHB Terrell Smith
|
0-0: Ball 1-0: Foul Ball, location: 2F 1-1: Ball 2-1: Called Strike 2-2: Foul Ball, location: 2F 2-2: Strikes out swinging
|
|
Batting: RHB Rafael Irizarry
|
0-0: Ground out 5-3 (Groundball, 56S, EV 68.8 MPH)
|
|
Batting: LHB Dong-u Chang
|
0-0: Ball 1-0: Called Strike 1-1: Ball 2-1: Swinging Strike 2-2: Strikes out swinging
|
| Top of the 1st over - 0 runs, 0 hits, 0 errors, 0 left on base; Miami Beach 0 - Portland 0 |
| BOTTOM OF THE 1ST |
|
Portland Angels batting - Pitching for Miami Beach Marlins : LHP David Zuniga
|
|
Pitching: LHP David Zuniga
|
|
|
Batting: RHB Aaron Bryant
|
0-0: Ball 1-0: Ground out 6-3 (Groundball, 6MD, EV 88.1 MPH)
|
|
Batting: RHB Carlos Gonzales
|
0-0: Ball 1-0: Ground out 1-3 (Groundball, 15S, EV 71.2 MPH)
|
|
Batting: LHB Dave Hicks
|
0-0: Ball 1-0: Ball 2-0: Ball 3-0: Called Strike 3-1: Swinging Strike 3-2: Strikes out swinging
|
| Bottom of the 1st over - 0 runs, 0 hits, 0 errors, 0 left on base; Miami Beach 0 - Portland 0 |
| TOP OF THE 2ND |
|
Miami Beach Marlins batting - Pitching for Portland Angels : RHP Dean Aspden
|
|
Batting: RHB Alberto Bravo
|
0-0: Ball 1-0: Ball 2-0: Ball 3-0: Called Strike 3-1: Base on Balls
|
|
Batting: RHB David Martin
|
0-0: Called Strike 0-1: Called Strike 0-2: Fielders Choice at 2nd, 6-4 (Groundball, 6, EV 106.2 MPH)
|
|
Batting: RHB Scott Talbot
|
0-0: Called Strike David Martin steals 2nd base 0-1: Called Strike 0-2: Ball 1-2: Ball 2-2: Ball 3-2: SINGLE (Flyball, 8RS, EV 84.4 MPH) David Martin to third
|
|
Batting: RHB Reomel Somera
|
0-0: Called Strike 0-1: Ball 1-1: Foul Ball, location: 2F 1-2: Foul Ball, location: 2F 1-2: Grounds out, U3 (Groundball, 3L, EV 100.6 MPH) David Martin scores
|
|
Batting: RHB Melvin Nava
|
0-0: Foul Ball, location: 2F 0-1: Ball 1-1: Ball 2-1: Called Strike 2-2: Ball 3-2: Foul Ball, location: 2F 3-2: Base on Balls
|
|
Batting: SHB Emmet Brickowski
|
0-0: Foul Ball, location: 2F 0-1: Ball 1-1: Fielders Choice at 2nd, 5-4 (Groundball, 56, EV 90.6 MPH)
|
| Top of the 2nd over - 1 run, 1 hit, 0 errors, 2 left on base; Miami Beach 1 - Portland 0 |
| BOTTOM OF THE 2ND |
|
Portland Angels batting - Pitching for Miami Beach Marlins : LHP David Zuniga
|
|
Batting: RHB Dan Myers
|
0-0: Ball 1-0: Foul Ball, location: 2F 1-1: Ground out 6-3 (Groundball, 6D, EV 78.8 MPH)
|
|
Batting: LHB Ramon Garduno
|
0-0: Ball 1-0: Ball 2-0: Called Strike 2-1: Foul Ball, location: 2F 2-2: SINGLE (Groundball, 4MD, EV 97.5 MPH)
|
|
Batting: SHB Danny Gelinas
|
0-0: Called Strike 0-1: Swinging Strike 0-2: Foul Ball, location: 2F 0-2: Ball 1-2: Strikes out swinging
|
|
Batting: RHB Alex Rosaly
|
0-0: Ball 1-0: Ball 2-0: Ball 3-0: Called Strike 3-1: Foul Ball, location: 2F 3-2: Strikes out swinging
|
| Bottom of the 2nd over - 0 runs, 1 hit, 0 errors, 1 left on base; Miami Beach 1 - Portland 0 |
| TOP OF THE 3RD |
|
Miami Beach Marlins batting - Pitching for Portland Angels : RHP Dean Aspden
|
|
Batting: RHB Terrell Smith
|
0-0: Foul Ball, location: 2F 0-1: Called Strike 0-2: Ball 1-2: Ball 2-2: Strikes out swinging
|
|
Batting: RHB Rafael Irizarry
|
0-0: Fly out, F8 (Line Drive, 8LD, EV 88.8 MPH)
|
|
Batting: LHB Dong-u Chang
|
0-0: Foul Ball, location: 2F 0-1: Called Strike 0-2: Foul Ball, location: 2F 0-2: Ground out 5-3 (Groundball, 15, EV 91.2 MPH)
|
| Top of the 3rd over - 0 runs, 0 hits, 0 errors, 0 left on base; Miami Beach 1 - Portland 0 |
| BOTTOM OF THE 3RD |
|
Portland Angels batting - Pitching for Miami Beach Marlins : LHP David Zuniga
|
|
Batting: RHB Rory Cobb
|
0-0: Ball 1-0: Foul Ball, location: 2F 1-1: Foul Ball, location: 2F 1-2: Foul Ball, location: 2F 1-2: Foul Ball, location: 2F 1-2: Strikes out swinging
|
|
Batting: RHB Mario Martinez
|
0-0: Ball 1-0: Ball 2-0: Called Strike 2-1: Ball 3-1: Called Strike 3-2: Strikes out swinging
|
|
Batting: RHB Aaron Bryant
|
0-0: Ball 1-0: Ball 2-0: Ground out U3 (Groundball, 34S, EV 80.6 MPH)
|
| Bottom of the 3rd over - 0 runs, 0 hits, 0 errors, 0 left on base; Miami Beach 1 - Portland 0 |
| TOP OF THE 4TH |
|
Miami Beach Marlins batting - Pitching for Portland Angels : RHP Dean Aspden
|
|
Batting: RHB Alberto Bravo
|
0-0: Ball 1-0: Ball 2-0: Ball 3-0: Called Strike 3-1: Swinging Strike 3-2: Base on Balls
|
|
Batting: RHB David Martin
|
0-0: Called Strike 0-1: Ball 1-1: Ball 2-1: Ball 3-1: Fielders Choice at 2nd, 4-6 (Groundball, 4, EV 79.4 MPH)
|
|
Batting: RHB Scott Talbot
|
0-0: Foul Ball, location: 2F 0-1: Foul Ball, location: 2F 0-2: Fly out, F9 (Flyball, 9D, EV 88.1 MPH)
|
|
Batting: RHB Reomel Somera
|
0-0: Ball 1-0: Ball 2-0: Called Strike 2-1: Foul Ball, location: 2F 2-2: Ball David Martin steals 2nd, throwing error, E2 David Martin to third 3-2: Foul Ball, location: 2F 3-2: Fly out, F9 (Line Drive, 9, EV 93.8 MPH)
|
| Top of the 4th over - 0 runs, 0 hits, 1 error, 1 left on base; Miami Beach 1 - Portland 0 |
| BOTTOM OF THE 4TH |
|
Portland Angels batting - Pitching for Miami Beach Marlins : LHP David Zuniga
|
|
Batting: RHB Carlos Gonzales
|
0-0: Called Strike 0-1: Fly out, F7 (Flyball, 78S, EV 78.8 MPH)
|
|
Batting: LHB Dave Hicks
|
0-0: Ground out 6-3 (Groundball, 6, EV 85.6 MPH)
|
|
Batting: RHB Dan Myers
|
0-0: Ball 1-0: Ball 2-0: Foul Ball, location: 2F 2-1: Called Strike 2-2: Ground out 4-3 (Groundball, 4, EV 85.6 MPH)
|
| Bottom of the 4th over - 0 runs, 0 hits, 0 errors, 0 left on base; Miami Beach 1 - Portland 0 |
| TOP OF THE 5TH |
|
Miami Beach Marlins batting - Pitching for Portland Angels : RHP Dean Aspden
|
|
Pitching: LHP Bill Girton
|
|
|
Batting: RHB Melvin Nava
|
0-0: Fly out, F9 (Flyball, 9, EV 91.2 MPH)
|
|
Batting: SHB Emmet Brickowski
|
0-0: Fly out, F9 (Flyball, 9S, EV 85.6 MPH)
|
|
Batting: RHB Terrell Smith
|
0-0: Ball 1-0: Ball 2-0: Ball 3-0: Called Strike 3-1: Ground out 6-3 (Groundball, 6, EV 85.6 MPH)
|
| Top of the 5th over - 0 runs, 0 hits, 0 errors, 0 left on base; Miami Beach 1 - Portland 0 |
| BOTTOM OF THE 5TH |
|
Portland Angels batting - Pitching for Miami Beach Marlins : LHP David Zuniga
|
|
Batting: LHB Ramon Garduno
|
0-0: Ball 1-0: Called Strike 1-1: Foul Ball, location: 2F 1-2: Strikes out looking
|
|
Batting: SHB Danny Gelinas
|
0-0: Ball 1-0: Hit by Pitch
|
|
Batting: RHB Alex Rosaly
|
0-0: Fly out, F9 (Flyball, 9LMF, EV 87.5 MPH)
|
|
Batting: RHB Rory Cobb
|
0-0: Ball 1-0: Ground out 4-3 (Groundball, 4, EV 96.2 MPH)
|
| Bottom of the 5th over - 0 runs, 0 hits, 0 errors, 1 left on base; Miami Beach 1 - Portland 0 |
| TOP OF THE 6TH |
|
Miami Beach Marlins batting - Pitching for Portland Angels : LHP Bill Girton
|
|
Batting: RHB Rafael Irizarry
|
0-0: Foul Ball, location: 2F 0-1: Ball 1-1: Ball 2-1: SINGLE (Flyball, 4D, EV 90.0 MPH)
|
|
Batting: LHB Dong-u Chang
|
0-0: Called Strike Rafael Irizarry steals 2nd base 0-1: Called Strike 0-2: Fly out, F8 (Flyball, 8RM, EV 88.1 MPH)
|
|
Batting: RHB Alberto Bravo
|
0-0: Ball 1-0: Ground out 4-3 (Groundball, 4, EV 81.9 MPH) Rafael Irizarry to third
|
|
Batting: RHB David Martin
|
0-0: Called Strike 0-1: Ball 1-1: Called Strike 1-2: Ball 2-2: Fly out, F9 (Flyball, 89S, EV 85.6 MPH)
|
| Top of the 6th over - 0 runs, 1 hit, 0 errors, 1 left on base; Miami Beach 1 - Portland 0 |
| BOTTOM OF THE 6TH |
|
Portland Angels batting - Pitching for Miami Beach Marlins : LHP David Zuniga
|
|
Batting: RHB Mario Martinez
|
0-0: Called Strike 0-1: Foul Ball, location: 2F 0-2: Ball 1-2: Strikes out swinging
|
|
Batting: RHB Aaron Bryant
|
0-0: Ball 1-0: Ball 2-0: Ball 3-0: Base on Balls
|
|
Batting: RHB Carlos Gonzales
|
0-0: Called Strike 0-1: Foul Ball, location: 2F 0-2: SINGLE (Flyball, 34D, EV 87.5 MPH) Aaron Bryant to second
|
|
Batting: LHB Dave Hicks
|
0-0: Ball Wild Pitch! Aaron Bryant to third Carlos Gonzales to second 1-0: Ball 2-0: Foul Ball, location: 2F 2-1: Swinging Strike 2-2: Strikes out swinging
|
|
Batting: RHB Dan Myers
|
0-0: SINGLE (Line Drive, 9LS, EV 106.2 MPH) Aaron Bryant scores Carlos Gonzales to third
|
|
Batting: LHB Ramon Garduno
|
0-0: Ball 1-0: Ball 2-0: Fly out, F7 (Flyball, 78M, EV 78.1 MPH)
|
| Bottom of the 6th over - 1 run, 2 hits, 0 errors, 2 left on base; Miami Beach 1 - Portland 1 |
| TOP OF THE 7TH |
|
Miami Beach Marlins batting - Pitching for Portland Angels : LHP Bill Girton
|
|
Batting: RHB Scott Talbot
|
0-0: Ball 1-0: Ground out 4-3 (Groundball, 4, EV 87.5 MPH)
|
|
Batting: RHB Reomel Somera
|
0-0: Fly out, F8 (Line Drive, 8RD, EV 96.2 MPH)
|
|
Batting: RHB Melvin Nava
|
0-0: Ball 1-0: Called Strike 1-1: Ball 2-1: Ball 3-1: Foul Ball, location: 2F 3-2: Foul Ball, location: 2F 3-2: Ground out 4-3 (Groundball, 4, EV 83.1 MPH)
|
| Top of the 7th over - 0 runs, 0 hits, 0 errors, 0 left on base; Miami Beach 1 - Portland 1 |
| BOTTOM OF THE 7TH |
|
Portland Angels batting - Pitching for Miami Beach Marlins : LHP David Zuniga
|
|
Batting: SHB Danny Gelinas
|
0-0: Ball 1-0: Foul Ball, location: 2F 1-1: Foul Ball, location: 2F 1-2: Ground out 6-3 (Groundball, 6, EV 82.5 MPH)
|
|
Batting: RHB Alex Rosaly
|
0-0: Ball 1-0: SINGLE (Flyball, 3D, EV 92.5 MPH)
|
|
Batting: RHB Rory Cobb
|
0-0: Ball 1-0: Ball 2-0: Foul Ball, location: 2F 2-1: Foul Ball, location: 2F 2-2: Strikes out swinging
|
|
Pitching: RHP Jamie Rappoport
|
|
|
Pinch Hitting: SHB Adrian Orosco
|
0-0: Ball 1-0: Foul Ball, location: 2F 1-1: Fly out, F4 (Line Drive, 4, EV 69.4 MPH)
|
| Bottom of the 7th over - 0 runs, 1 hit, 0 errors, 1 left on base; Miami Beach 1 - Portland 1 |
| TOP OF THE 8TH |
|
Miami Beach Marlins batting - Pitching for Portland Angels : LHP Bill Girton
|
|
Now at SS: Yuya Hirata
|
|
|
Batting: SHB Emmet Brickowski
|
0-0: Ball 1-0: Called Strike 1-1: Ball 2-1: Ball 3-1: TRIPLE (Flyball, 89XD, EV 89.4 MPH)
|
|
Batting: RHB Terrell Smith
|
0-0: Intentional Walk
|
|
Batting: RHB Rafael Irizarry
|
0-0: Ball 1-0: Called Strike 1-1: Ball Terrell Smith steals 2nd, throwing error, E2 Emmet Brickowski scores Terrell Smith to third 2-1: Fly out, F8 (Flyball, 8RM, EV 91.2 MPH) Runner from 3rd tags up, SCORES, throw by CF
|
|
Batting: LHB Dong-u Chang
|
0-0: Fly out, F8 (Flyball, 8LD, EV 93.1 MPH)
|
|
Batting: RHB Alberto Bravo
|
0-0: Foul Ball, location: 2F 0-1: Ground out 5-3 (Groundball, 56, EV 87.5 MPH)
|
| Top of the 8th over - 2 runs, 1 hit, 1 error, 0 left on base; Miami Beach 3 - Portland 1 |
| BOTTOM OF THE 8TH |
|
Portland Angels batting - Pitching for Miami Beach Marlins : RHP Jamie Rappoport
|
|
Batting: RHB Aaron Bryant
|
0-0: Called Strike 0-1: SINGLE (Flyball, 4D, EV 86.9 MPH)
|
|
Pinch Hitting: RHB Dan Thomey
|
0-0: Ball 1-0: Called Strike 1-1: Called Strike 1-2: Ball 2-2: Foul Ball, location: 2F 2-2: SINGLE (Line Drive, 7LM, EV 110.6 MPH) Aaron Bryant to second
|
|
Pinch Runner at 2nd Daniel Molina:
|
|
|
Batting: LHB Dave Hicks
|
0-0: Called Strike 0-1: Ball 1-1: Ball 2-1: Foul Ball, location: 2F 2-2: Ball 3-2: DOUBLE (Flyball, 78D, EV 101.9 MPH) Daniel Molina scores Dan Thomey to third
|
|
Batting: RHB Dan Myers
|
0-0: Called Strike 0-1: Foul Ball, location: 2F 0-2: Ball 1-2: Strikes out swinging
|
|
Pitching: LHP Doug Whitling
|
|
|
Pinch Hitting: RHB Noah Pena
|
0-0: Ball 1-0: Ball 2-0: 3-RUN HOME RUN (Flyball, 78XD, EV 104.4 MPH), Distance : 395 ft
|
|
Batting: SHB Danny Gelinas
|
0-0: Ball 1-0: Fly out, F9 (Flyball, 89S, EV 85.6 MPH)
|
|
Batting: RHB Alex Rosaly
|
0-0: Ball 1-0: Foul Ball, location: 2F 1-1: Foul Ball, location: 2F 1-2: Foul Ball, location: 2F 1-2: Ball 2-2: Strikes out swinging
|
| Bottom of the 8th over - 4 runs, 4 hits, 0 errors, 0 left on base; Miami Beach 3 - Portland 5 |
| TOP OF THE 9TH |
|
Miami Beach Marlins batting - Pitching for Portland Angels : LHP Bill Girton
|
|
Now at 1B: Arnaud Derosiers
|
|
|
Now in CF: Rory Cobb
|
|
|
Now in RF: Brendan Garoutte
|
|
|
Batting: RHB David Martin
|
0-0: Ball 1-0: Ball 2-0: Foul Ball, location: 2F 2-1: Foul Ball, location: 2F 2-2: Foul Ball, location: 2F 2-2: Fly out, F4 (Popup, 3S, EV 82.5 MPH)
|
|
Batting: RHB Scott Talbot
|
0-0: Ball 1-0: Ball 2-0: Foul Ball, location: 2F 2-1: SINGLE (Groundball, 6D, EV 97.5 MPH)
|
|
Batting: RHB Reomel Somera
|
0-0: Called Strike 0-1: Ball 1-1: Ball 2-1: Fly out, F8 (Line Drive, 8LM, EV 91.2 MPH)
|
|
Batting: RHB Melvin Nava
|
0-0: Ball 1-0: 2-RUN HOME RUN (Flyball, 7LD, EV 93.1 MPH), Distance : 341 ft
|
|
Batting: SHB Emmet Brickowski
|
0-0: Fly out, F8 (Line Drive, 78M, EV 92.5 MPH)
|
| Top of the 9th over - 2 runs, 2 hits, 0 errors, 0 left on base; Miami Beach 5 - Portland 5 |
| BOTTOM OF THE 9TH |
|
Portland Angels batting - Pitching for Miami Beach Marlins : LHP Doug Whitling
|
|
Batting: RHB Rory Cobb
|
0-0: Ball 1-0: Called Strike 1-1: SINGLE (Groundball, 34D, EV 101.9 MPH)
|
|
Batting: SHB Yuya Hirata
|
0-0: Bunted foul 0-1: Sac Bunt to 2R - play at second, runner OUT! 2-6
|
|
Batting: RHB Daniel Molina
|
0-0: Called Strike 0-1: Foul Ball, location: 2F 0-2: Strikes out looking
|
|
Batting: RHB Brendan Garoutte
|
0-0: Ball 1-0: SINGLE (Groundball, 34D, EV 95.0 MPH) Yuya Hirata to second Runner from 2nd tries for 3rd, SAFE, throw by RF made to third
|
|
Batting: LHB Dave Hicks
|
0-0: Ball 1-0: SINGLE (Groundball, 34, EV 85.6 MPH) (infield hit) Yuya Hirata scores
|
| Bottom of the 9th over - 1 run, 3 hits, 0 errors, 1 left on base; Miami Beach 5 - Portland 6 |
|